 Dungeon Crawl Stone Soup version 0.21.1-1-g345015f (webtiles) character file.

63 tidbits the Charmwright (level 4, -4/38 HPs)
             Began as a Gnoll Skald on June 29, 2018.
             Killed by nerve-wracking pain
             ... invoked by an orc priest
              (14 damage)
             ... on level 5 of the Dungeon.
             The game lasted 00:03:05 (309 turns).

tidbits the Charmwright (Gnoll Skald)                Turns: 309, Time: 00:03:06

Health: -4/38      AC:  3    Str: 13    XL:     4   Next: 10%
Magic:  1/11       EV: 14    Int: 17    God:
Gold:   10         SH:  0    Dex: 14    Spells: 2/13 levels left

rFire    . . .     SeeInvis .   a - +0 hand axe
rCold    . . .     Gourm    .   (no shield)
rNeg     . . .     Faith    .   b - +0 leather armour
rPois    .         Spirit   .   (no helmet)
rElec    .         Reflect  .   (no cloak)
rCorr    .         Harm     .   (no gloves)
MR       .....                  (no boots)
Stlth    +.........             (no amulet)
HPRegen  0.12/turn              (no ring)
MPRegen  0.12/turn              (no ring)

@: no status effects
A: distributed training, fangs 1, strong nose
a: no special abilities


You were on level 5 of the Dungeon.
You were not hungry.

You visited 1 branch of the dungeon, and saw 5 of its levels.

You collected 10 gold pieces.

Inventory:

Hand Weapons
 a - a +0 hand axe (weapon)
Missiles
 j - 3 javelins of returning (quivered)
Armour
 b - a +0 leather armour (worn)
Scrolls
 f - a scroll of teleportation {unknown}
 g - 4 scrolls of enchant armour {unknown}
 k - a scroll of fog {unknown}
 l - a scroll of remove curse {unknown}
 m - a scroll of fear {unknown}
Potions
 e - a potion of berserk rage {unknown}
 h - a potion of agility {unknown}
 i - a potion of brilliance {unknown}
Books
 c - a book of Battle

   Spells                             Type                      Level
   a - Infusion                       Charms                       1
   b - Shroud of Golubria             Charms/Translocation         2
   c - Song of Slaying                Charms                       2
   d - Spectral Weapon                Hexes/Charms                 3
   e - Regeneration                   Charms/Necromancy            3
Comestibles
 d - a ration


   Skills:
 + Level 4.6 Fighting
 + Level 1.0 Short Blades
 + Level 1.0 Long Blades
 + Level 4.6 Axes
 + Level 1.0 Maces & Flails
 + Level 1.0 Polearms
 + Level 1.0 Staves
 + Level 1.0 Slings
 + Level 1.0 Bows
 + Level 1.0 Crossbows
 + Level 1.0 Throwing
 + Level 2.7 Armour
 + Level 4.6 Dodging
 + Level 1.0 Stealth
 + Level 1.0 Shields
 + Level 1.0 Unarmed Combat
 + Level 5.0 Spellcasting
 + Level 0.7 Conjurations
 + Level 0.7 Hexes
 + Level 5.4 Charms
 + Level 0.7 Summonings
 + Level 0.7 Necromancy
 + Level 0.7 Translocations
 + Level 0.7 Transmutations
 + Level 0.7 Fire Magic
 + Level 0.7 Ice Magic
 + Level 0.7 Air Magic
 + Level 0.7 Earth Magic
 + Level 0.7 Poison Magic
 + Level 1.1 Invocations
 + Level 1.0 Evocations


You had 2 spell levels left.
You knew the following spells:

 Your Spells              Type           Power        Failure   Level  Hunger
g - Shroud of Golubria    Chrm/Tloc      ##........   8%          2    #......
i - Infusion              Chrm           ###.         1%          1    None
r - Regeneration          Chrm/Necr      ##........   16%         3    ###....
w - Spectral Weapon       Hex/Chrm       ##......     16%         3    ###....
y - Song of Slaying       Chrm           ###.....     2%          2    #......


Dungeon Overview and Level Annotations

Branches:
Dungeon (5/15)
 Temple: D:4-7

Altars:
Qazlal


Innate Abilities, Weirdness & Mutations

Your experience applies equally to all skills.
You have very sharp teeth.
Your uncanny sense of smell can sniff out nearby items.


Message History

Your Bows skill increases to level 1!
Your Crossbows skill increases to level 1!
Your Throwing skill increases to level 1!
Your Stealth skill increases to level 1!
Your Shields skill increases to level 1!
Your Unarmed Combat skill increases to level 1!
Your Invocations skill increases to level 1!
Your Evocations skill increases to level 1!
You have reached level 4!
You feel clever.
You see here a scroll labeled JIKUGE ESUUDWILE.
m - a scroll labeled JIKUGE ESUUDWILE Your shroud begins to fray at the edges.
Your shroud unravels.
There is a stone staircase leading down here.
You climb downwards.
A leopard gecko comes into view.
Your magical infusion is running out.
The leopard gecko hisses angrily.
The leopard gecko barely misses you.
There is a stone staircase leading up here.
Unknown command.
You completely miss the leopard gecko. You bite the leopard gecko.
The leopard gecko is lightly wounded.
The leopard gecko barely misses you.
You hit the leopard gecko.
The leopard gecko is severely wounded.
The leopard gecko closely misses you.
You barely miss the leopard gecko.
The leopard gecko is severely wounded.
The leopard gecko bites you.
You hit the leopard gecko.
You kill the leopard gecko!
Found a hand axe.
You are no longer magically infusing your attacks.
An orc comes into view. It is wielding a vampiric short sword.
The orc shouts!
The orc throws a tomahawk.
The tomahawk barely misses you.
You see here a tomahawk.
Casting: Infusion
Confirm with . or Enter, or press ? or * to list all spells.
You draw out your weapon's spirit!
The orc throws a tomahawk.
The tomahawk barely misses you. The orc barely misses you.
You see here a tomahawk.
An orc comes into view. It is wielding a hand axe.
The orc shouts!
The orc hits you with a vampiric short sword.
An orc priest comes into view.
Casting: Spectral Weapon
Confirm with . or Enter, or press ? or * to list all spells.
Space distorts slightly along a thin shroud covering your body.
The orc priest shouts!
You hear a shout!
The orc barely misses you.
Unknown command.
Casting: Shroud of Golubria
Confirm with . or Enter, or press ? or * to list all spells.
You don't have enough magic to cast that spell.
You barely miss the orc.
Your spectral weapon hits the orc.
The orc hits you with a vampiric short sword.
* * * LOW HITPOINT WARNING * * *
Your shroud falls apart!
The orc barely misses you.
Unknown command.
You closely miss the orc.
The orc is moderately wounded.
Your spectral weapon hits the orc.
The orc priest looks encouraged for a moment.
The orc closely misses you.
An orc comes into view. It is wielding a falchion.
You hit the orc but do no damage.
The orc is severely wounded.
Your spectral weapon barely misses the orc.
The orc barely misses you.
You hit the orc but do no damage.
The orc is severely wounded.
Your spectral weapon hits the orc but does no damage.
You hit the orc.
You kill the orc!
You hit the orc. The orc hits you but does no damage.
The orc barely misses your spectral weapon.
Unknown command.
You closely miss the orc.
The orc is moderately wounded.
Your spectral weapon hits the orc!
You kill the orc!
The orc priest calls down the wrath of Beogh upon you.
Pain shoots through your body!
* * * LOW HITPOINT WARNING * * *
You hit the orc priest.
The orc priest is lightly wounded.
Your spectral weapon hits the orc priest.
The orc priest hits you.
* * * LOW HITPOINT WARNING * * *
You hit the orc priest.
The orc priest is heavily wounded.
Your spectral weapon hits the orc priest.
The orc priest invokes the aid of Beogh against you.
Pain shoots through your body!
You die...

#.#)#..#
#.#.#..#
#.#.#..##
#.#.#...
####.#.#.####
♣....#..<...# ♣
#.(...##.#
♣.##)#...##.#
♣.oo@.......#
♣....##(########
P..# #.# .. #.#
#.# ..# ... ####


You could see an orc priest, an orc and a friendly spectral hand axe.

Vanquished Creatures
  A hound (D:4)
  An adder (D:4)
  2 leopard geckos
  2 orcs (D:5)
  A ball python (D:1)
  3 goblins
  3 hobgoblins
  2 bats (D:1)
  4 frilled lizards (D:1)
  2 kobolds
  A rat (D:1)
22 creatures vanquished.

Notes
Turn   | Place    | Note
-------+----------+-------------------------------------------
     0 | D:1      | tidbits the Gnoll Skald began the quest for the Orb.
     0 | D:1      | Reached XP level 1. HP: 20/20 MP: 6/6
    65 | D:1      | Reached XP level 2. HP: 21/26 MP: 1/7
    75 | D:1      | Learned a level 2 spell: Song of Slaying
    78 | D:1      | Learned a level 2 spell: Shroud of Golubria
   141 | D:2      | You fall through a shaft for 2 floors!
   162 | D:4      | Reached skill level 5 in Spellcasting
   162 | D:4      | Reached XP level 3. HP: 15/31 MP: 2/9
   167 | D:4      | Learned a level 3 spell: Regeneration
   171 | D:4      | Learned a level 3 spell: Spectral Weapon
   175 | D:5      | Entered Level 5 of the Dungeon
   205 | D:3      | Found a stormy altar of Qazlal.
   269 | D:4      | Reached skill level 1 in Short Blades
   269 | D:4      | Reached skill level 1 in Long Blades
   269 | D:4      | Reached skill level 1 in Maces & Flails
   269 | D:4      | Reached skill level 1 in Polearms
   269 | D:4      | Reached skill level 1 in Staves
   269 | D:4      | Reached skill level 1 in Slings
   269 | D:4      | Reached skill level 1 in Bows
   269 | D:4      | Reached skill level 1 in Crossbows
   269 | D:4      | Reached skill level 1 in Throwing
   269 | D:4      | Reached skill level 1 in Stealth
   269 | D:4      | Reached skill level 1 in Shields
   269 | D:4      | Reached skill level 1 in Unarmed Combat
   269 | D:4      | Reached skill level 1 in Invocations
   269 | D:4      | Reached skill level 1 in Evocations
   269 | D:4      | Reached XP level 4. HP: 23/38 MP: 3/11
   309 | D:5      | Killed from afar by an orc priest

Skill      XL: |  1  2  3 |
---------------+----------+-----
Spellcasting   | 5 |  5.0
Short Blades   | 1 |  1.0
Long Blades    | 1 |  1.0
Maces & Flails | 1 |  1.0
Polearms       | 1 |  1.0
Staves         | 1 |  1.0
Slings         | 1 |  1.0
Bows           | 1 |  1.0
Crossbows      | 1 |  1.0
Throwing       | 1 |  1.0
Stealth        | 1 |  1.0
Shields        | 1 |  1.0
Unarmed Combat | 1 |  1.0
Invocations    | 1 |  1.1
Evocations     | 1 |  1.0
Fighting       | |  4.6
Axes           | |  4.6
Armour         | |  2.7
Dodging        | |  4.6
Conjurations   | |  0.7
Hexes          | |  0.7
Charms         | |  5.4
Summonings     | |  0.7
Necromancy     | |  0.7
Translocations | |  0.7
Transmutations | |  0.7
Fire Magic     | |  0.7
Ice Magic      | |  0.7
Air Magic      | |  0.7
Earth Magic    | |  0.7
Poison Magic   | |  0.7

Action                   |  1- 3 |  4- 6 || total
-------------------------+-------+-------++-------
Melee: Hand axe          |    49 |    12 ||    61
       Bite              |     2 |     1 ||     3
 Cast: Infusion          |     4 |       ||     4
       Shroud of Golubri |     2 |     1 ||     3
       Song of Slaying   |     1 |       ||     1
       Regeneration      |     1 |       ||     1
       Spectral Weapon   |       |     1 ||     1
  Use: Potion            |     1 |       ||     1
 Stab: Invisible         |     1 |       ||     1
Armor: Leather armour    |    11 |     1 ||    12
Dodge: Dodged            |    38 |    10 ||    48

Table legend:
 A = Turns spent in this place as a percentage of turns spent in the entire game.
 B = Non-inter-level travel turns spent in this place as a percentage of non-inter-level travel turns spent in the entire game.
 C = Inter-level travel turns spent in this place as a percentage of turns spent in this place.
 D = Turns resting spent in this place as a percentage of non-inter-level travel turns spent in this place.
 E = Turns spent auto-exploring this place as a percentage of non-inter-level travel turns spent in this place.
 F = Non-inter-level travel turns spent in this place divided by the number of levels of this place that you've seen.
                   A       B       C       D       E      F
               +-------+-------+-------+-------+-------+----------------------
         Total | 100.0 | 100.0 |   0.0 |   0.0 |   0.0 |  61.8
       Dungeon | 100.0 | 100.0 |   0.0 |   0.0 |   0.0 |  61.8
               +-------+-------+-------+-------+-------+----------------------

Table legend:
 A = Kills in this place as a percentage of kills in entire the game.
 B = Kills by you in this place as a percentage of kills by you in the entire game.
 C = Kills by friends in this place as a percentage of kills by friends in the entire game.
 D = Other kills in this place as a percentage of other kills in the entire game.
 E = Experience gained in this place as a percentage of experience gained in the entire game.
 F = Experience gained in this place divided by the number of levels of this place that you have seen.
                   A       B       C       D       E      F
               +-------+-------+-------+-------+-------+----------------------
         Total | 100.0 | 100.0 |   N/A |   N/A | 100.0 |  18.2
       Dungeon | 100.0 | 100.0 |   N/A |   N/A | 100.0 |  18.2
               +-------+-------+-------+-------+-------+----------------------

Vault maps used:
D:1:      tarquinn_simple_flora_water_a, minmay_misc_feat_square
D:3:      nicolae_overflow_hidden_temple, lemuel_doored_altar
D:4:      first_ration
D:5:      wad_woods_pond, ashenzari_altar_1, serial_shops, shop
